 Dungeon Crawl Stone Soup version 0.18-a0-1109-gfc003ac (webtiles) character file.

856 ThermosAquaticus the Cudgeler (level 8, -9/48 HPs)
             Began as a Gargoyle Abyssal Knight on Jan 16, 2016.
             Was an Elder of Lugonu.
             Mangled by an ogre
             ... wielding a +0 giant spiked club
              (17 damage)
             ... on level 5 of the Dungeon.
             The game lasted 00:20:34 (6285 turns).

ThermosAquaticus the Cudgeler (GrAK)                Turns: 6285, Time: 00:20:34

Health: -9/48      AC: 11    Str: 16    XL:     8   Next: 2%
Magic:  7/11       EV: 10    Int: 15    God:    Lugonu [****..]
Gold:   110        SH:  0    Dex:  9    Spells: 0 memorised, 7 levels left

rFire  . . .     SeeInvis .     e - +1 flail
rCold  . . .     Gourm    .     E - +0 ring mail
rNeg   + . .     Faith    .     (no shield)
rPois  ∞         Spirit   .     (no helmet)
rElec  +         Dismiss  .     (no cloak)
rCorr  .         Reflect  .     (no gloves)
SustAt .         Harm     .     H - +0 pair of boots
MR     .....                    (no amulet)
Stlth  ..........               (no ring)
                                (no ring)

@: not resistant to hostile enchantments, extremely unstealthy
A: mutation resistance 1, negative energy resistance 1, electricity resistance,
unbreathing, petrification resistance, rot immunity, AC +5
a: Depart the Abyss, Bend Space, Banish, Corrupt, Renounce Religion


You were on level 5 of the Dungeon.
You worshipped Lugonu.
Lugonu was greatly pleased with you.
You were not hungry.

You visited 1 branch of the dungeon, and saw 5 of its levels.
You visited the Abyss 1 time.

You collected 295 gold pieces.
You spent 185 gold pieces at shops.

Inventory:

Hand Weapons
 a - a +1 mace
 e - a +1 flail (weapon)
Missiles
 h - a javelin (quivered)
 n - 6 curare-tipped needles
Armour
 b - a +0 leather armour
 d - a +0 scale mail
 E - a +0 ring mail (worn)
 H - a +0 pair of boots (worn)
Jewellery
 u - an uncursed ring of loudness
Wands
 F - a wand of hasting (4/9)
Scrolls
 i - a scroll of blinking {unknown}
 k - a scroll of enchant weapon
 o - 2 scrolls of remove curse
 p - a scroll of immolation {unknown}
 s - a scroll of noise {unknown}
 v - 3 scrolls of teleportation
 w - 2 scrolls of amnesia {unknown}
 y - a scroll of identify
 z - a scroll of enchant armour
 G - a scroll of fear {unknown}
Potions
 f - a potion of lignification
 g - 2 potions of cancellation
 j - 2 potions of agility
 l - 3 potions of might
 m - a potion of heal wounds {unknown}
 q - a potion of cure mutation {unknown}
 t - a potion of ambrosia {unknown}
 x - a potion of mutation {unknown}
 C - a potion of haste {unknown}
Comestibles
 c - a bread ration
 r - a chunk of flesh
 A - a meat ration
 B - a beef jerky
 D - a slice of pizza


   Skills:
 + Level 3.8 Fighting
 + Level 7.7 Maces & Flails
 - Level 2.1 Armour
 - Level 0.7 Dodging
 - Level 5.0 Invocations


You had 7 spell levels left.
You didn't know any spells.

Dungeon Overview and Level Annotations

Branches:
Dungeon (5/15)
 Temple: D:4-7

Altars:
Cheibriados
Dithmenos
Elyvilon
Okawaru
Ru
Trog
Zin

Shops:
D:4 ?

Annotations:
D:3 Grinder


Innate Abilities, Weirdness & Mutations

You are resistant to torment.
Your stone body is resilient (AC +5).
You are immune to poison.
You resist negative energy.
You are resistant to electric shocks.
You can survive without breathing.
You are immune to petrification.
You are immune to rotting.
You are somewhat resistant to further mutation.


Message History

You hit the ogre.
The ogre is moderately wounded.
The ogre closely misses you.
You hit the ogre.
The ogre is moderately wounded.
The ogre completely misses you.
You thump the ogre!
The ogre is severely wounded.
The ogre hits you with a giant spiked club!
You hit the ogre.
The ogre is severely wounded.
You hit the ogre but do no damage.
The ogre is severely wounded.
The ogre hits you with a giant spiked club!
* * * LOW HITPOINT WARNING * * *
Press: ? - help, Shift-Dir - straight line, f/p - ogre
Aim: an ogre, wielding a giant spiked club (severely wounded, chance to defeat MR: 75%)
The ogre struggles to resist.
You feel somewhat more hungry.
The ogre hits you with a giant spiked club!
You die...

##.#.#.#.#....###.#####..
#............###........
#.#.#.#.#...............
#............##########.
#.#.#.#.#.#.#### #.
#..............### #.
###.#............#### #.
#.................###.
####.@###....####.....
##O###.##..# ##..#.
###)##..###.# ##.#.
#.)(......#.## #...
#.#(#.#.#.#..# ##..
#....(.....##.# ##.
#..#.#.#.#(##.# #.
#...(......##.# #.
#..#.#.#.#....######.


You could see an ogre.

Vanquished Creatures
  2 sky beasts
  A gnoll sergeant (D:5)
  2 hounds
  3 orc priests
  2 orc wizards (D:5)
  2 worker ants
  A worker ant zombie (D:5)
  7 adders
  8 gnolls
  A shadow imp (D:5)
  An ooze (D:2)
  An adder skeleton (D:5)
  3 worms
  5 giant geckos
  14 orcs
  13 bats
  3 giant cockroaches
  10 goblins
  12 hobgoblins
  8 jackals
  2 quokkas
  6 giant newts
  13 kobolds
  11 rats
131 creatures vanquished.

Vanquished Creatures (others)
  A water moccasin (D:5)
1 creature vanquished.

Grand Total: 132 creatures vanquished

Notes
Turn   | Place    | Note
--------------------------------------------------------------
     0 | Abyss:1  | ThermosAquaticus the Gargoyle Abyssal Knight began the quest for the Orb.
     0 | Abyss:1  | Reached XP level 1. HP: 14/14 MP: 2/2
    31 | D:1      | Escaped the Abyss
   133 | D:1      | Reached * piety under Lugonu
   133 | D:1      | Reached XP level 2. HP: 13/19 MP: 3/3
  1203 | D:1      | Reached XP level 3. HP: 13/23 MP: 4/4
  1796 | D:2      | Reached skill level 4 in Maces & Flails
  1814 | D:2      | Reached XP level 4. HP: 21/28 MP: 5/5
  1821 | D:2      | Reached ** piety under Lugonu
  2641 | D:2      | Noticed a sky beast
  2723 | D:2      | Killed a sky beast
  2723 | D:2      | Reached skill level 5 in Maces & Flails
  2723 | D:2      | Reached XP level 5. HP: 18/32 MP: 6/6
  3237 | D:2      | Reached skill level 6 in Maces & Flails
  3333 | D:3      | Noticed Grinder
  3342 | D:3      | Paralysed by Grinder for 4 turns
  3422 | D:3      | Reached *** piety under Lugonu
  3422 | D:3      | Reached XP level 6. HP: 31/37 MP: 7/7
  4536 | D:3      | Found a sacrificial altar of Ru.
  4805 | D:3      | Found a shadowy altar of Dithmenos.
  4811 | D:3      | Found an iron altar of Okawaru.
  4811 | D:3      | Found a glowing silver altar of Zin.
  5030 | D:4      | Found Senoug's Magic Scroll Boutique.
  5034 | D:4      | Found a snail-covered altar of Cheibriados.
  5041 | D:4      | Bought a scroll of identify for 20 gold pieces
  5043 | D:4      | Bought a scroll of identify for 20 gold pieces
  5043 | D:4      | Bought a scroll of enchant armour for 75 gold pieces
  5043 | D:4      | Bought a scroll of teleportation for 30 gold pieces
  5043 | D:4      | Bought a scroll of identify for 20 gold pieces
  5043 | D:4      | Bought a scroll of identify for 20 gold pieces
  5046 | D:4      | Gained mutation: You are somewhat resistant to further mutation. [potion of beneficial mutation]
  5292 | D:4      | Found a white marble altar of Elyvilon.
  5504 | D:5      | Entered Level 5 of the Dungeon
  5517 | D:4      | Reached XP level 7. HP: 28/41 MP: 9/9
  5709 | D:5      | Reached **** piety under Lugonu
  5790 | D:5      | Reached skill level 7 in Maces & Flails
  6089 | D:5      | Reached skill level 5 in Invocations
  6131 | D:5      | Found a bloodstained altar of Trog.
  6256 | D:5      | Reached XP level 8. HP: 34/48 MP: 11/11
  6285 | D:5      | Mangled by an ogre

Vault maps used:
D:1:      elethiomel_arrival_maze, st_stairs_10
D:2:      forest_paths, first_bread
D:3:      nicolae_overflow_crystal_walls, minitemple, uniq_grinder
D:4:      lemuel_doored_altar, serial_shops, shop, cheibriados_altar_1
D:5:      lemuel_upstairs_altar, grunt_temple_overflow_lords_of_destruction,
          lemuel_crystal_altar, serial_glass, glass_columns_b, glass_columns_c,
          glass_columns_c, glass_columns_a, glass_columns_c, glass_columns_b,
          glass_columns_b, glass_columns_a, nrook_pool_corridor

Action                   |  1- 3 |  4- 6 |  7- 9 || total
-------------------------+-------+-------+-------++-------
Melee: Mace              |   100 |   232 |       ||   332
       Flail             |       |    75 |   122 ||   197
Throw: Javelin           |       |       |     4 ||     4
Invok: Depart the Abyss  |     1 |       |       ||     1
       Banish            |       |       |     2 ||     2
  Use: Potion            |       |     3 |       ||     3
       Scroll            |       |     7 |       ||     7
  Eat: Chunk             |     3 |     8 |     3 ||    14
       Bread ration      |       |     1 |       ||     1
